 Dungeon Crawl Stone Soup version 0.19-a0-630-g098d46c (webtiles) character file.

4353 FitzyFitz the Chopper (level 10, -6/61 HPs)
             Began as a Tengu Gladiator on June 13, 2016.
             Was a Believer of Uskayaw.
             Mangled by an orc warrior
             ... wielding the +6 falchion of Megalomania {elec, Int+4 Dex-5}
              (9 damage)
             ... in a bailey.
             The game lasted 00:49:39 (10572 turns).

FitzyFitz the Chopper (Tengu Gladiator)            Turns: 10572, Time: 00:49:39

Health: -6/61      AC: 11    Str: 22    XL:     10   Next: 34%
Magic:  7/13       EV: 16    Int: 15    God:    Uskayaw [**....]
Gold:   519        SH:  0    Dex: 15    Spells: 1 memorised, 9 levels left

rFire  . . .     SeeInvis .     a - +1 war axe (chop)
rCold  . . .     Gourm    .     t - +1 robe "Gocw" {Int+3}
rNeg   . . .     Faith    .     (no shield)
rPois  .         Spirit   .     v - +2 hat
rElec  .         Dismiss  .     (no cloak)
rCorr  .         Reflect  .     n - +1 pair of gloves
SustAt +         Harm     .     (boots unavailable)
MR     +....                    (no amulet)
Stlth  +.........               E - ring of sustain attributes
                                y - +3 ring of protection

@: confused, mighty, somewhat resistant to hostile enchantments, very unstealthy
A: beak, talons 3, rugged brown scales 1, magic resistance 1, strong 1, able to
fly 1
a: Fly, Stomp, Line Pass, Renounce Religion


You were in a bailey.
You worshipped Uskayaw.
Uskayaw was pleased with you.
You were not hungry.

You visited 2 branches of the dungeon, and saw 9 of its levels.
You also visited: Bailey.

You collected 519 gold pieces.

Inventory:

Hand Weapons
 a - a +1 war axe of chopping (weapon)
 b - a +0 hunting sling
 i - the +8 frozen axe "Frostbite" {freezing cloud, *Noise +Fly rC+}
   (You found it on level 4 of the Dungeon)

   It has been specially enchanted to freeze those struck by it, causing extra
   injury to most foes and up to half again as much damage against particularly
   susceptible opponents.
   It can also slow down cold-blooded creatures.
   It protects you from cold.
   It lets you fly.
   It may make noises in combat.
 k - a +0 shortbow
Missiles
 d - 2 throwing nets (quivered)
 h - 166 stones
 p - 22 sling bullets
 q - 64 arrows
 z - 4 tomahawks of returning
Armour
 e - a +2 shield
 g - a +0 buckler
 j - a +1 robe of magic resistance
 n - a +1 pair of gloves (worn)
 t - the +1 robe "Gocw" (worn) {Int+3}
   (You found it on level 6 of the Dungeon)

   It affects your intelligence (+3).
 v - a +2 hat (worn)
Jewellery
 y - a +3 ring of protection (left hand)
 E - a ring of sustain attributes (right hand)
Wands
 x - a wand of confusion (7/48)
 B - a wand of random effects (14/48)
 F - a wand of confusion (25/48)
 H - a wand of random effects (33/48)
Scrolls
 r - a scroll of remove curse
 w - a scroll of amnesia
 A - a scroll of enchant armour
 C - 2 scrolls of teleportation
 D - a scroll of enchant weapon
 I - a scroll of immolation
Potions
 m - a potion of lignification
Books
 u - a book of Clouds

   Spells                             Type                      Level
   a - Mephitic Cloud                 Conjuration/Poison/Air       3
   b - Conjure Flame                  Conjuration/Fire             3
   c - Poisonous Cloud                Conjuration/Poison/Air       6
   d - Freezing Cloud                 Conjuration/Ice/Air          6
   e - Ring of Flames                 Charms/Fire                  7
 G - a book of Flames

   Spells                             Type                      Level
   a - Flame Tongue                   Conjuration/Fire             1
   b - Throw Flame                    Conjuration/Fire             2
   c - Conjure Flame                  Conjuration/Fire             3
   d - Inner Flame                    Hexes/Fire                   3
   e - Sticky Flame                   Conjuration/Fire             4
   f - Fireball                       Conjuration/Fire             5
Comestibles
 f - 5 bread rations
 l - 2 beef jerkies
 J - 2 royal jellies


   Skills:
 + Level 5.8 Fighting
   Level 6.7 Long Blades
 * Level 7.6 Axes
 - Level 2.0 Throwing
 + Level 6.9 Dodging
 + Level 3.8 Stealth
 - Level 1.5 Spellcasting
 - Level 4.8 Conjurations
 - Level 7.4 Air Magic
 - Level 3.1 Poison Magic


You had 9 spell levels left.
You knew the following spells:

 Your Spells              Type           Power        Failure   Level  Hunger
a - Mephitic Cloud        Conj/Pois/Air  ###.....     10%         3    ####...


Dungeon Overview and Level Annotations

Branches:
Dungeon (8/15)             Temple (1/1) D:6
   Lair: D:8-11

Altars:
Cheibriados
Elyvilon
Kikubaaqudgha
Nemelex Xobeh
Trog
Uskayaw
Vehumet


Innate Abilities, Weirdness & Mutations

You have a beak for a mouth.
You have claws for feet.
You can fly.
You are partially covered in rugged brown scales. (AC +1, +3% HP)
You are resistant to hostile enchantments. (MR+)
Your muscles are strong. (Str +2)


Message History

Items here: ( )) [[ a tomahawk of returning; a leather armour; a hand axe; a leather armour a hand axe You feel better.
You are engulfed in noxious fumes.
You choke on the stench!
You are confused.
* * * LOW HITPOINT WARNING * * *
The kobold throws a tomahawk of returning.
The tomahawk of returning closely misses you.
The weapon returns to the kobold!
The kobold throws a tomahawk of returning.
The tomahawk of returning completely misses you.
The weapon returns to the kobold!
The kobold throws a tomahawk of returning.
The tomahawk of returning hits you but does no damage.
The orc warrior is engulfed in noxious fumes.
The orc warrior appears confused.
The orc warrior hits you with a jewelled falchion {elec}!
* * * LOW HITPOINT WARNING * * *
You are electrocuted!
You die...

▓▓▓▓▓ ▓.∩§▓
▓.@o▓ ▓g§§▓
##(##
#....≈.≈K...#
#'###≈K≈###'#
K≈(≈K ##≈(≈##
.≈.≈K #≈.≈#


You could see an orc warrior (confused), a hobgoblin (confused) and 4 kobolds.

Vanquished Creatures
  An orc knight (Bailey)
  Pikel (D:7)
  Grinder (D:5)
  5 yaks
  2 orc warriors (Bailey)
  3 black bears
  A sky beast (D:7)
  4 slaves (D:7)
  A phantom (D:5)
  3 centaurs
  3 ogres
  The ghost of badtown the Sneak, an amateur OpAs (D:3)
  A crocodile (D:7)
  2 giant frogs
  A wyvern skeleton (D:7)
  4 killer bees (D:6)
  A water moccasin skeleton (D:6)
  4 howler monkeys (D:7)
  2 crimson imps
  A wasp zombie (D:5)
  A giant frog zombie (D:7)
  2 hounds
  A jelly (D:5)
  2 orc priests (D:6)
  A centaur skeleton (D:4)
  3 orc wizards
  2 worker ants
  An iguana (D:4)
  2 hound skeletons (D:4)
  Robin (D:2)
  2 worker ant zombies
  2 gnolls (Bailey)
  12 adders
  A shadow imp (D:5)
  An ooze (D:2)
  2 adder zombies
  An adder skeleton (D:7)
  A worm (D:2)
  A dart slug (D:1)
  2 giant geckos
  11 orcs
  5 giant cockroaches
  14 goblins
  12 hobgoblins
  15 jackals
  5 kobolds
  3 quokkas
  5 ball pythons
  8 bats
  A giant cockroach zombie (D:5)
  3 giant newts
  A jackal skeleton (D:3)
  A quokka zombie (D:7)
  8 rats
175 creatures vanquished.

Vanquished Creatures (others)
  A centaur (D:8)
  A giant frog (D:8)
  An orc wizard (D:8)
  An orc (D:8)
  A quokka (D:8)
5 creatures vanquished.

Grand Total: 180 creatures vanquished

Notes
Turn   | Place    | Note
--------------------------------------------------------------
     0 | D:1      | FitzyFitz the Tengu Gladiator began the quest for the Orb.
     0 | D:1      | Reached XP level 1. HP: 12/12 MP: 2/2
   140 | D:1      | Reached XP level 2. HP: 16/17 MP: 3/3
   714 | D:1      | Reached XP level 3. HP: 21/21 MP: 4/4
  1271 | D:2      | Reached skill level 5 in Long Blades
  1628 | D:2      | Reached XP level 4. HP: 12/26 MP: 5/5
  2543 | D:2      | Learned a level 3 spell: Mephitic Cloud
  2603 | D:2      | Noticed Robin
  2633 | D:2      | Killed Robin
  2633 | D:2      | Reached skill level 1 in Air Magic
  2633 | D:2      | Gained mutation: You can fly. [Tengu growth]
  2633 | D:2      | Reached XP level 5. HP: 18/30 MP: 6/6
  3460 | D:3      | Found a snail-covered altar of Cheibriados.
  3501 | D:3      | Found a hide-covered altar of Uskayaw.
  3501 | D:3      | Noticed a dagger
  3502 | D:3      | Noticed a dagger
  3511 | D:3      | Became a worshipper of Uskayaw the Reveler
  3546 | D:3      | Reached * piety under Uskayaw
  3703 | D:3      | Noticed badtown's ghost (amateur OpAs)
  3708 | D:3      | Gained mutation: You are resistant to hostile enchantments. (MR+) [potion of mutation]
  3708 | D:3      | Gained mutation: You are partially covered in rugged brown scales. (AC +1, +3% HP) [potion of mutation]
  3708 | D:3      | Gained mutation: Your muscles are strong. (Str +2) [potion of mutation]
  3718 | D:3      | Reached ** piety under Uskayaw
  3720 | D:3      | Killed badtown's ghost
  3720 | D:3      | Reached XP level 6. HP: 36/36 MP: 7/7
  4462 | D:4      | Found a sparkling altar of Nemelex Xobeh.
  4587 | D:4      | Reached skill level 1 in Conjurations
  4762 | D:4      | Reached skill level 1 in Poison Magic
  4874 | D:4      | Upgraded the game from 0.19-a0-611-gb5a7e8d to 0.19-a0-630-g098d46c
  4948 | D:4      | Found a bloodstained altar of Trog.
  5032 | D:5      | Entered Level 5 of the Dungeon
  5152 | D:5      | Noticed Grinder
  5268 | D:4      | Reached skill level 1 in Axes
  5268 | D:4      | Reached XP level 7. HP: 41/41 MP: 8/8
  5556 | D:5      | Noticed a yak
  5583 | D:5      | Reached *** piety under Uskayaw
  5587 | D:5      | Killed a yak
  5629 | D:5      | Noticed a yak
  5656 | D:5      | Killed a yak
  5759 | D:5      | Noticed a yak
  5760 | D:5      | Noticed a yak
  5962 | D:6      | Reached XP level 8. HP: 49/49 MP: 9/9
  5966 | D:6      | Got a faintly glowing robe
  5990 | D:6      | Identified the cursed +1 robe "Gocw" {Int+3} (You found it on level 6 of the Dungeon)
  6130 | D:6      | Reached skill level 5 in Dodging
  6412 | D:5      | Killed Grinder
  6440 | D:5      | Found a radiant altar of Vehumet.
  6477 | D:5      | Noticed a yak
  6631 | D:5      | Killed a yak
  6631 | D:5      | Reached skill level 5 in Air Magic
  6684 | D:4      | Killed a yak
  6856 | D:5      | Reached skill level 5 in Axes
  6969 | D:6      | Found a staircase to the Ecumenical Temple.
  6980 | Temple   | Entered the Ecumenical Temple
  7008 | D:6      | Found an ancient bone altar of Kikubaaqudgha.
  7012 | D:6      | Found a white marble altar of Elyvilon.
  7037 | D:6      | Reached skill level 5 in Fighting
  7051 | D:6      | Reached XP level 9. HP: 55/55 MP: 10/10
  7378 | D:7      | Reached **** piety under Uskayaw
  8205 | D:6      | Reached skill level 1 in Spellcasting
  8879 | D:7      | Reached skill level 1 in Stealth
  8926 | D:7      | Noticed Pikel
  9161 | D:7      | Killed Pikel
  9342 | D:7      | Reached XP level 10. HP: 33/60 MP: 13/13
 10339 | D:8      | Found a flagged portal.
 10418 | Bailey   | Entered a bailey
 10462 | Bailey   | Noticed an orc knight
 10472 | Bailey   | Killed an orc knight
 10572 | Bailey   | HP: 3/61 [orc warrior/jewelled falchion {elec} (12)]
 10572 | Bailey   | Identified the +6 falchion of Megalomania {elec, Int+4 Dex-5}
 10572 | Bailey   | Mangled by an orc warrior

Vault maps used:
D:1:      mrwooster_arrival_arrow, st_stairs_6
D:2:      kennysheep_generic_room_13, uniq_robin
D:3:      cheibriados_altar_1, dancing_weapons_uskayaw, serial_undead,
          serial_undead_c, serial_undead_c, serial_undead_e, serial_undead_d,
          first_bread
D:4:      bloody_trog, nemelex_altar_shiori
D:5:      kennysheep_little_box, uniq_grinder
D:6:      nicolae_overflow_hidden_temple, temple_fountains
D:7:      black_bear_nest_2, grunt_ministairs_13, uniq_pikel
D:8:      xom_confusion_cloud, nicolae_ru_the_path_less_chosen, enter_bailey_8
Temple:   bh_familiar_temple
Bailey:   bailey_axe_1, bailey

Skill      XL: |  1  2  3  4  5  6  7  8  9 10 |
---------------+-------------------------------+-----
Long Blades    | 4 5 6 |  6.7
Air Magic      | 1 3 6 7 |  7.4
Conjurations   | 1 4 |  4.8
Poison Magic   | 1 2 3 |  3.1
Axes           | 1 3 5 6 7 |  7.6
Fighting       | 3 5 |  5.8
Dodging        | 4 6 |  6.9
Spellcasting   | 1 |  1.5
Stealth        | 2 3 |  3.8
Throwing       | |  2.0

Action                   |  1- 3 |  4- 6 |  7- 9 | 10-12 || total
-------------------------+-------+-------+-------+-------++-------
Melee: Long sword        |    87 |   224 |   223 |       ||   534
       Kick              |    15 |    44 |   106 |    14 ||   179
       Peck              |    13 |    21 |    66 |     7 ||   107
       War axe           |       |       |    93 |    47 ||   140
 Fire: Hunting sling     |       |     6 |    14 |    19 ||    39
       Shortbow          |       |       |    11 |       ||    11
Throw: Throwing net      |       |     2 |     1 |       ||     3
 Cast: Mephitic Cloud    |       |       |     1 |     7 ||     8
Invok: Line Pass         |       |       |     1 |       ||     1
Evoke: Wand              |       |     5 |    15 |     1 ||    21
  Use: Scroll            |     4 |     5 |     8 |       ||    17
       Potion            |     2 |     7 |     5 |     3 ||    17
 Stab: Sleeping          |     1 |     2 |       |       ||     3
       Confused          |       |     1 |     5 |       ||     6
       Paralysed         |       |       |     6 |       ||     6
  Eat: Chunk             |     2 |     9 |     7 |       ||    18
       Beef jerky        |       |     1 |       |       ||     1
       Pizza             |       |     2 |     1 |       ||     3
       Meat ration       |       |       |     1 |     1 ||     2
Armor: Leather armour    |    23 |    61 |     4 |       ||    88
       Skin              |     2 |     9 |     4 |       ||    15
       Robe              |       |       |    82 |    25 ||   107
Dodge: Dodged            |    66 |   144 |   207 |    63 ||   480
Block: Shield            |       |       |    96 |       ||    96
